 Dungeon Crawl Stone Soup version 0.28.0-43-g3370ac3207 (webtiles) character file.

Game seed: 3007684884040162956

3840 boopmooplesden the Quickloader (level 9, -1/79 HPs)
             Began as a Minotaur Hunter on Mar 4, 2022.
             Was a Priest of Okawaru.
             Slain by an orc
             ... wielding a +0 halberd
              (3 damage)
             ... in a bailey.
             The game lasted 00:15:06 (7369 turns).

boopmooplesden the Quickloader (Minotaur Hunter)    Turns: 7369, Time: 00:15:06

Health: -1/79      AC: 11    Str: 20    XL:     9   Next: 98%
Magic:  7/8        EV:  9    Int:  8    God:    Okawaru [***...]
Gold:   239        SH:  7    Dex: 12    Spells: 8/8 levels left

rFire   . . .      SeeInvis .   b - +2 rapier (venom)
rCold   . . .      Faith    .   c - +0 kite shield
rNeg    + + .      Spirit   .   D - +1 scale mail of Rotiuqey {rN++}
rPois   .          Reflect  .   (helmet restricted)
rElec   .          Harm     +   o - scarf {harm}
rCorr   .          Rampage  .   (no gloves)
Will    .....                   q - +1 pair of boots
Stlth   +.........              (no amulet)
HPRegen 0.23/turn               (no ring)
MPRegen 0.11/turn               (no ring)

@: no status effects
A: horns 2, retaliatory headbutt
a: Renounce Religion, Heroism


You were in a bailey.
You worshipped Okawaru.
Okawaru was most pleased with you.
You visited 2 branches of the dungeon, and saw 9 of its levels.
You also visited: Bailey.

You collected 407 gold pieces.
You spent 168 gold pieces at shops.

Inventory:

Hand Weapons
 a - a +5 hand crossbow
 b - a +2 rapier of venom (weapon)
 e - a +0 short sword
 u - a +1 rapier of venom
 y - a +2 short sword of freezing
Missiles
 d - 22 bolts
Armour
 c - a +0 kite shield (worn)
 k - a +0 chain mail
 o - a scarf of harm (worn)
 q - a +1 pair of boots (worn)
 t - a +2 ring mail of fire resistance
 D - the +1 scale mail of Rotiuqey (worn) {rN++}
   (You took it off an orc on level 7 of the Dungeon)

   rN:        It greatly protects you from negative energy.
Jewellery
 B - an amulet of regeneration
 E - a ring of protection from fire
Wands
 i - a wand of polymorph (4)
 m - a wand of flame (24)
Scrolls
 f - 5 scrolls of teleportation
 l - 4 scrolls of identify
 p - a scroll of amnesia
 s - a scroll of fog
Potions
 g - a potion of invisibility {unknown}
 h - 5 potions of lignification
 j - 2 potions of cancellation
 n - a potion of mutation {unknown}
 r - 3 potions of degeneration {unknown}
 v - a potion of berserk rage {unknown}
 w - a potion of curing {unknown}
 C - a potion of might {unknown}


   Skills:
 + Level 7.5 Fighting
 + Level 6.3 Short Blades
 + Level 10.3 Crossbows
 + Level 7.3 Armour
 + Level 4.7 Dodging
 + Level 2.2 Stealth
 + Level 0.7 Shields
 + Level 0.4 Invocations


You had 8 spell levels left.
You didn't know any spells.
Your spell library contained the following spells:

 Spells                   Type           Power      Damage    Failure   Level
 Pain                     Necr           0%         1d4       98%         1
 Sandblast                Erth           0%         2d4       98%         1
 Corpse Rot               Necr/Air       0%         N/A       99%         2
 Passwall                 Tmut/Erth      0%         N/A       99%         2
 Poisonous Vapours        Pois/Air       0%         N/A       99%         2
 Stone Arrow              Conj/Erth      0%         3d7       100%        3
 Vampiric Draining        Necr           0%         2d6       100%        3
 Agony                    Necr           0%         N/A       100%        5
 Excruciating Wounds      Necr           0%         N/A       100%        5
 Animate Skeleton         Necr           Unusable   N/A       N/A         1

Dungeon Overview and Level Annotations

Branches:
Dungeon (8/15)             Temple (1/1) D:5          Bailey (1/1)
   Lair: D:8-11

Altars:
Ashenzari
Dithmenos
Elyvilon
Fedhas
Gozag
Hepliaklqana
Nemelex Xobeh
Okawaru
Qazlal
Ru
Sif Muna
Trog
Vehumet
Wu Jian
Xom
Yredelemnul
Zin
The Shining One

Shops:
D:5 [=(=

Annotations:
D:6 2 runed translucent doors, lonewolfV2's ghost, novice HOFi


Innate Abilities, Weirdness & Mutations

You have a pair of horns on your head.
You reflexively headbutt those who attack you in melee.


Message History

You puncture the orc warrior!
The orc warrior looks as sick as possible!
Your headbutt misses the orc warrior.
The orc warrior is heavily wounded.
The orc hits you but does no damage. You block the orc's attack.
The orc warrior barely misses you. You furiously retaliate!
You headbutt the orc warrior, but do no damage.
The orc warrior hits you with a +0 glaive!
* * * LOW HITPOINT WARNING * * *
You puncture the orc warrior!
The orc warrior looks as sick as possible!
The orc warrior is almost dead.
The orc closely misses you. You block the orc's attack.
You closely miss the orc warrior.
The orc warrior is almost dead.
You feel like a meek peon again.
The orc warrior hits you but does no damage.
The orc warrior barely misses you. You furiously retaliate!
You headbutt the orc warrior. You block the orc's attack.
The orc barely misses you.
You barely miss the orc warrior.
The orc warrior is almost dead.
You kill the orc warrior!
Okawaru accepts your kill. You block the orc warrior's attack.
The orc hits you but does no damage. The orc misses you.
You hit the orc warrior.
The orc warrior is poisoned.
The orc warrior is moderately wounded.
The orc warrior hits you with a +0 spear!
* * * LOW HITPOINT WARNING * * *
The orc closely misses you. The orc barely misses you.
You closely miss the orc warrior.
The orc warrior is moderately wounded.
The orc warrior hits you with a +0 spear.
* * * LOW HITPOINT WARNING * * *
You block the orc's attack. x2
The orc warrior hits you from afar with a +0 spear!
* * * LOW HITPOINT WARNING * * *
The orc hits you from afar with a +0 halberd.
You die...

##...8)...8oo.#
#..............###
#♣♣♣♣#$.####''####. #.##
#≈≈..####........####..#
#≈≈≈...................#
#≈≈≈≈............♣....♣#
#≈≈≈≈≈≈...#.oo.#...♣♣♣♣
#≈≈≈≈≈≈≈≈≈#)...#≈≈≈≈≈♣
#♣♣≈≈≈≈≈≈≈#o.@.#≈≈≈≈≈≈≈
♣.≈≈≈≈≈≈#)...#≈≈≈≈≈≈≈
♣...≈≈≈≈#))..#≈≈≈≈≈≈≈
♣♣......#....#....≈≈≈#
♣♣................≈≈
###.♣♣.......♣.♣..
#.♣............
#............#
##..........##


You could see an orc warrior (very poisoned) and 2 orcs.

Vanquished Creatures
  Joseph (D:7)
  Eustachio (D:6)
  3 water moccasins (D:7)
  Duvessa (D:6)
  3 orc warriors (Bailey)
  A black bear (D:5)
  An ice beast (D:6)
  2 ogres
  A sky beast (D:5)
  2 necrophages (D:6)
  2 centaurs
  3 phantoms
  2 bullfrogs
  3 scorpions
  2 gnoll sergeants
  A water moccasin skeleton (D:6)
  A wyvern skeleton (D:7)
  Dowan (D:6)
  5 hounds
  A bullfrog skeleton (D:6)
  2 bullfrog zombies
  A gnoll shaman (D:6)
  2 jellies
  2 orc priests
  A centaur skeleton (D:5)
  5 iguanas
  Terence (D:3)
  6 orc wizards
  A killer bee zombie (D:7)
  A hound skeleton (D:5)
  9 adders
  12 gnolls
  A howler monkey skeleton (D:7)
  A shadow imp (D:7)
  A white imp (D:6)
  An adder skeleton (D:4)
  3 worms
  3 dart slugs
  22 orcs
  2 bats
  An endoplasm (D:3)
  2 giant cockroaches
  13 goblins
  8 hobgoblins
  2 jackals
  11 kobolds
  3 quokkas
  3 ball pythons
  3 frilled lizards
  8 rats
168 creatures vanquished.

Notes
Turn   | Place    | Note
-------+----------+-------------------------------------------
     0 | D:1      | boopmooplesden the Minotaur Hunter began the quest for the
                  | Orb.
     0 | D:1      | Reached XP level 1. HP: 18/18 MP: 0/0
   232 | D:1      | Reached XP level 2. HP: 25/25 MP: 1/1
   311 | D:1      | Reached skill level 5 in Crossbows
   799 | D:2      | Reached XP level 3. HP: 27/30 MP: 2/2
  1167 | D:2      | Reached skill level 1 in Short Blades
  1397 | D:3      | Noticed a bullfrog
  1404 | D:3      | Killed a bullfrog
  1405 | D:3      | Reached skill level 6 in Crossbows
  1405 | D:3      | Reached XP level 4. HP: 34/38 MP: 3/3
  1440 | D:3      | Reached skill level 1 in Armour
  1458 | D:3      | Noticed Terence
  1469 | D:3      | Killed Terence
  1470 | D:3      | Reached XP level 5. HP: 40/45 MP: 4/4
  2223 | D:4      | Reached skill level 1 in Stealth
  2349 | D:4      | Reached XP level 6. HP: 39/52 MP: 5/5
  2774 | D:4      | Reached skill level 7 in Crossbows
  2799 | D:4      | Found an opulent altar of Gozag.
  3282 | D:4      | Reached XP level 7. HP: 45/60 MP: 6/6
  3485 | D:4      | Found a shadowy altar of Dithmenos.
  3699 | D:5      | Entered Level 5 of the Dungeon
  3741 | D:5      | Found Zibbula's Jewellery Emporium.
  3752 | D:5      | Found a staircase to the Ecumenical Temple.
  3797 | Temple   | Entered the Ecumenical Temple
  3887 | Temple   | Became a worshipper of Warmaster Okawaru
  4027 | D:5      | Found Feont's Jewellery Boutique.
  4031 | D:5      | Found Hafridu's Antique Armour Emporium.
  4050 | D:5      | Bought an embroidered scarf for 168 gold pieces
  4140 | D:5      | Reached skill level 8 in Crossbows
  4516 | D:5      | Reached skill level 5 in Fighting
  4516 | D:5      | Reached XP level 8. HP: 34/68 MP: 7/7
  4740 | D:5      | Reached * piety under Okawaru
  5001 | D:5      | Found Gurche Wetay's Antique Weapon Emporium.
  5094 | D:6      | Reached skill level 5 in Armour
  5150 | D:6      | Reached skill level 9 in Crossbows
  5582 | D:6      | Noticed Dowan
  5582 | D:6      | Noticed Duvessa
  5587 | D:6      | Killed Duvessa
  5588 | D:6      | Reached XP level 9. HP: 75/75 MP: 8/8
  5588 | D:6      | Killed Dowan
  5588 | D:6      | Reached ** piety under Okawaru
  5794 | D:6      | Found a runed translucent door.
  5797 | D:6      | Noticed lonewolfV2's ghost (novice HOFi)
  5904 | D:6      | Noticed Eustachio
  5912 | D:6      | Killed Eustachio
  5921 | D:6      | Found a runed translucent door.
  6129 | D:7      | Reached skill level 5 in Short Blades
  6167 | D:7      | Noticed Joseph
  6172 | D:7      | Killed Joseph
  6201 | D:7      | Reached skill level 10 in Crossbows
  6492 | D:7      | Identified the +1 scale mail of Rotiuqey {rN++}
  6793 | D:7      | Found a hazy altar of Hepliaklqana.
  6826 | D:7      | Reached *** piety under Okawaru
  6960 | D:8      | Noticed a two-headed ogre
  6961 | D:8      | Noticed a centaur warrior
  7142 | D:8      | Found a flagged portal.
  7186 | Bailey   | Entered a bailey
  7369 | Bailey   | HP: 2/79 [orc warrior/+0 spear (9)]
  7369 | Bailey   | Slain by an orc

Illustrated notes

Levels and vault maps discovered:
D:1:      ebering_trefoil_3fold, layout_loops_ring
D:2:      layout_rooms
D:3:      layout_basic, minmay_quantized, uniq_terence
D:4:      layout_basic, nicolae_gozag_seed_capital, st_stairs_13,
          minmay_ruined_shrine
D:5:      layout_loops_ring, minmay_temple_entry_offerings, serial_shops,
          shop_fountains, minmay_shop_enchanted_jewellery, hangedman_decor_push,
          nicolae_wooded_promenade, minmay_quadrilaterals
D:6:      layout_loops_cross, ebering_ghost_sewer_f, uniq_eustachio,
          uniq_duvessa
D:7:      layout_cave_pools, worldfamousw_hep_ancestral_shrine, uniq_joseph
D:8:      layout_cave_pools, nicolae_overflow_hidden_temple, enter_bailey_5,
          minmay_manual_monolith
Temple:   nicolae_temple_elliptical
Bailey:   bailey_polearm_elven_captive_hellmonk, bailey

Skill      XL: |  1  2  3  4  5  6  7  8  9 |
---------------+----------------------------+-----
Crossbows      | 5 6 7 8 9 10 | 10.3
Short Blades   | 1 2 3 4 6 |  6.3
Fighting       | 3 4 5 7 |  7.5
Armour         | 1 2 4 5 7 |  7.3
Stealth        | 1 2 |  2.2
Dodging        | 3 4 |  4.7
Shields        | |  0.7
Invocations    | |  0.4

Action                   |  1- 3 |  4- 6 |  7- 9 || total
-------------------------+-------+-------+-------++-------
Melee: Short sword       |    12 |    53 |   102 ||   167
       Headbutt          |     1 |     8 |    26 ||    35
       Punch             |       |     1 |       ||     1
       Rapier            |       |       |    47 ||    47
 Fire: Hand crossbow     |    58 |    62 |   128 ||   248
Invok: Heroism           |       |       |     4 ||     4
  Use: Scroll            |     5 |       |    11 ||    16
Armor: Leather armour    |     1 |     8 |       ||     9
       Ring mail         |       |    12 |    51 ||    63
       Scale mail        |       |       |    23 ||    23
Dodge: Dodged            |    13 |    42 |   125 ||   180
Block: Kite shield       |       |       |    25 ||    25
